 Dungeon Crawl Stone Soup version 0.23.2-33-g5129a83184 (webtiles) character file.

Game seed: 2418041063511633638

168 Folque001 the Conjurer (level 5, -3/38 HPs)
             Began as a Demigod Conjurer on Aug 1, 2019.
             Slain by Natasha (13 damage)
             ... on level 2 of the Dungeon.
             The game lasted 00:07:52 (2756 turns).

Folque001 the Conjurer (Demigod Conjurer)           Turns: 2756, Time: 00:07:53

Health: -3/38      AC:  2    Str: 11    XL:     5   Next: 3%
Magic:  0/13       EV: 12    Int: 21    God:
Gold:   74         SH:  0    Dex: 16    Spells: 5/11 levels left

rFire    . . .     SeeInvis .   s - +1 short sword (speed)
rCold    . . .     Gourm    .   (no shield)
rNeg     . . .     Faith    .   a - +0 robe
rPois    .         Spirit   .   (no helmet)
rElec    .         Reflect  .   (no cloak)
rCorr    .         Harm     .   (no gloves)
MR       .....                  (no boots)
Stlth    ++........             (no amulet)
HPRegen  0.12/turn              (no ring)
MPRegen  0.13/turn              (no ring)

@: no status effects
A: high mp 1
a: no special abilities


You were on level 2 of the Dungeon.
You were not hungry.

You visited 1 branch of the dungeon, and saw 2 of its levels.

You collected 74 gold pieces.

Inventory:

Hand Weapons
 d - a +0 mace
 s - a +1 short sword of speed (weapon)
Missiles
 l - 7 javelins (quivered)
Armour
 a - a +0 robe (worn)
Jewellery
 f - an uncursed ring of protection from fire {unknown}
 q - an uncursed ring of positive energy {unknown}
Wands
 t - a wand of random effects (12)
Scrolls
 g - 3 scrolls of identify {unknown}
 h - a scroll of amnesia {unknown}
 i - 2 scrolls of enchant weapon {unknown}
 j - 2 scrolls of enchant armour {unknown}
 k - 3 scrolls of remove curse {unknown}
Potions
 b - a potion of mutation {unknown}
 e - a potion of degeneration {unknown}
 m - a potion of agility {unknown}
 n - a potion of invisibility {unknown}
 o - a potion of brilliance
 p - a potion of curing {unknown}
 u - a potion of resistance {unknown}
Comestibles
 c - 3 rations
 r - 7 chunks of flesh


   Skills:
 - Level 1.7 Dodging
 - Level 1.7 Stealth
 + Level 3.6 Spellcasting
 + Level 4.4 Conjurations
 * Level 1.3 Hexes


You had 5 spell levels left.
You knew the following spells:

 Your Spells              Type           Power        Failure   Level  Hunger
a - Magic Dart            Conj           ###.         1%          1    None
b - Searing Ray           Conj           ###...       3%          2    ##.....
c - Dazzling Spray        Conj/Hex       ###...       12%         3    ###....

Your spell library contained the following spells:

 Spells                   Type           Power        Failure   Level  Hunger
 Iskenderun's Mystic Bla  Conj           ###.....     21%         4    ####...
 Fulminant Prism          Conj/Hex       ###.......   36%         4    ####...
 Force Lance              Conj/Tloc      ##......     45%         4    ####...


Dungeon Overview and Level Annotations

Branches:
Dungeon (2/15)

Annotations:
D:2 Natasha


Innate Abilities, Weirdness & Mutations

You have an increased reservoir of magic. (+10% MP)


Message History

Press: ? - help, Shift-Dir - straight line, f - Natasha
Aim: Natasha (severely wounded, unusually strong)
The searing ray hits Natasha.
Natasha is almost dead. (Press . to maintain the ray.) Natasha wildly gestures.
Natasha shimmers violently.
Natasha barely misses you. The hobgoblin misses you.
The searing ray misses Natasha.
Natasha closely misses you. The hobgoblin hits you.
Throwing (i - inventory)
l - 8 javelins (quivered)
Press: ? - help, Shift-Dir - straight line, f/p - Natasha
Aim: Natasha (almost dead, unusually strong)
You throw a javelin.
The javelin hits Natasha but does no damage.
Natasha is almost dead.
Natasha claws you!
* * * LOW HITPOINT WARNING * * *
The hobgoblin barely misses you. Natasha claws you!
You die...

.......#.....># ##..#
.....#.#......## ##...#
.......#.......#####...##
####...#.###.#.#..÷...##
.###.....###.#.(.###..# .#
.##.......##.##..###.## .#
.##.##...............#### #.#
.##.##.##....#(..÷.(....####..###
.......# #.....h@####.#.#........
#......###..(...g(.#....#..<....#
............####g......##.^?....#
.........##.# #..####..(..(.)..$#
#####...... ....## #.##........#
## .##..##.#.. #.###.......#
.####.# #.## #.# #.#.###.(.....#
......# .. #g.........[..#
....#.## .#g ####.####.###..


You could see Natasha and 2 hobgoblins.

Vanquished Creatures
  Natasha (twice) (D:2)
  Terence (D:1)
  Robin (D:2)
  3 adders (D:2)
  2 worms (D:2)
  A dart slug (D:1)
  A leopard gecko (D:1)
  A bat (D:1)
  11 goblins
  6 hobgoblins
  7 jackals
  3 kobolds
  2 frilled lizards
  4 rats
45 creatures vanquished.

Notes
Turn   | Place    | Note
-------+----------+-------------------------------------------
     0 | D:1      | Folque001 the Demigod Conjurer began the quest for the Orb.
     0 | D:1      | Reached XP level 1. HP: 14/14 MP: 5/5
   601 | D:1      | Reached XP level 2. HP: 9/20 MP: 4/7
   611 | D:1      | Learned a level 2 spell: Searing Ray
  1236 | D:2      | Noticed Terence
  1363 | D:1      | Killed Terence
  1363 | D:1      | Reached skill level 4 in Conjurations
  1363 | D:1      | Reached XP level 3. HP: 11/26 MP: 3/10
  1549 | D:2      | Noticed Robin
  1669 | D:2      | Killed Robin
  1855 | D:1      | Reached XP level 4. HP: 7/33 MP: 3/11
  2530 | D:2      | Learned a level 3 spell: Dazzling Spray
  2633 | D:2      | Noticed Natasha
  2643 | D:2      | Killed Natasha
  2643 | D:2      | Reached skill level 1 in Hexes
  2688 | D:2      | Noticed Natasha
  2692 | D:2      | Killed Natasha
  2692 | D:2      | Reached XP level 5. HP: 16/38 MP: 3/13
  2746 | D:2      | Noticed Natasha
  2756 | D:2      | Slain by Natasha

Skill      XL: |  1  2  3  4 |
---------------+-------------+-----
Spellcasting   | 2 3 |  3.6
Conjurations   | 4 |  4.4
Hexes          | 1 |  1.3
Dodging        | |  1.7
Stealth        | |  1.7

Action                   |  1- 3 |  4- 6 || total
-------------------------+-------+-------++-------
Melee: Mace              |    28 |       ||    28
       Short sword       |    34 |    13 ||    47
Throw: Javelin           |       |     1 ||     1
 Cast: Magic Dart        |     9 |     6 ||    15
       Searing Ray       |     8 |    11 ||    19
       Dazzling Spray    |       |     2 ||     2
  Use: Potion            |     1 |       ||     1
 Stab: Sleeping          |     1 |       ||     1
  Eat: Chunk             |     3 |     3 ||     6
Armor: Robe              |    18 |     3 ||    21
Dodge: Dodged            |    67 |    19 ||    86
